 Dungeon Crawl Stone Soup version 0.29-a0-8-g0446c0dae4 (webtiles) character file.

Game seed: 14812278678094119631

19117 lunkers the Warrior (level 12, -9/124 HPs)
             Began as a Minotaur Hunter on Jan 27, 2022.
             Was a High Priest of Okawaru.
             Mangled by a troll (11 damage)
             ... while paralysed by an ogre mage
             ... on level 2 of the Orcish Mines.
             The game lasted 00:20:17 (15457 turns).

lunkers the Warrior (Minotaur Hunter)              Turns: 15457, Time: 00:20:18

Health: -9/124     AC: 20    Str: 22    XL:     12   Next: 33%
Magic:  14/14      EV:  2    Int:  8    God:    Okawaru [*****.]
Gold:   835        SH:  0    Dex: 11    Spells: 11/11 levels left

rFire   . . .      SeeInvis .   a - +4 battleaxe (freeze)
rCold   . . .      Faith    .   (shield currently unavailable)
rNeg    . . .      Spirit   .   D - +1 storm dragon scales
rPois   .          Reflect  +   (helmet restricted)
rElec   +          Harm     .   (no cloak)
rCorr   .          Rampage  .   (no gloves)
Will    .....                   q - +2 pair of boots
Stlth   ..........              n - amulet of reflection
HPRegen 0.30/turn               (no ring)
MPRegen 0.14/turn               (no ring)

@: paralysed, heroic
A: horns 2, retaliatory headbutt
a: Renounce Religion, Heroism, Finesse, Duel


You were on level 2 of the Orcish Mines.
You worshipped Okawaru.
Okawaru was extremely pleased with you.
You visited 3 branches of the dungeon, and saw 14 of its levels.

You collected 835 gold pieces.

Inventory:

Hand Weapons
 a - a +4 battleaxe of freezing (weapon)
 b - a +2 whip of electrocution
 d - a +1 mace of venom
 m - a +0 short sword of electrocution
 v - a +1 war axe of flaming
 G - a +3 flail
 J - a +1 hand crossbow
Missiles
 r - 84 bolts
 E - a throwing net
Armour
 l - +0 steam dragon scales
 o - a +0 scale mail
 q - a +2 pair of boots (worn)
 D - +1 storm dragon scales (worn)
 F - a +1 scale mail of poison resistance
Jewellery
 n - an amulet of reflection (around neck)
 s - a ring of flight
 w - an amulet of magic regeneration
 I - a +4 ring of protection
 K - a +4 ring of protection
 N - an amulet of guardian spirit
 O - a +4 ring of slaying
Wands
 t - a wand of iceblast (2)
 x - a wand of flame (12)
 y - a wand of charming (14)
 A - a wand of digging (9)
 M - a wand of acid (2)
Scrolls
 f - a scroll of fog
 g - 4 scrolls of immolation
 h - 2 scrolls of enchant weapon
 i - a scroll of vulnerability
 j - 2 scrolls of amnesia
 H - a scroll of teleportation
 P - a scroll of silence
Potions
 c - a potion of heal wounds
 e - a potion of magic
 k - a potion of resistance
 p - 7 potions of curing
 u - a potion of brilliance
 z - 2 potions of flight
 B - a potion of haste {unknown}
 C - 2 potions of mutation {unknown}
 L - a potion of attraction {unknown}


   Skills:
 + Level 16.5(21.5) Fighting
 - Level 2.3(7.3) Short Blades
 * Level 11.9(17.8) Axes
 - Level 8.0(16.0) Maces & Flails
 - Level 5.4(10.4) Crossbows
 + Level 7.8(12.8) Armour
 - Level 2.1(7.1) Dodging
 - Level 0.7(5.7) Stealth
 - Level 5.0 Invocations


You had 11 spell levels left.
You didn't know any spells.
Your spell library contained the following spells:

 Spells                   Type           Power      Damage    Failure   Level
 Magic Dart               Conj           0%         1d3       92%         1
 Sandblast                Erth           0%         2d4       92%         1
 Passwall                 Tmut/Erth      0%         N/A       98%         2
 Scorch                   Fire           0%         2d5       98%         2
 Searing Ray              Conj           0%         2d4       98%         2
 Conjure Flame            Conj/Fire      0%         6-21      100%        3
 Dazzling Flash           Conj/Hex       0%         N/A       100%        3
 Gell's Gravitas          Tloc           0%         N/A       100%        3
 Ignite Poison            Fire/Tmut/Pois 0%         N/A       100%        3
 Lesser Beckoning         Tloc           0%         N/A       100%        3
 Ozocubu's Armour         Ice            0%         N/A       100%        3
 Stone Arrow              Conj/Erth      0%         3d7       100%        3
 Teleport Other           Tloc           0%         N/A       100%        3
 Flame Wave               Conj/Fire      0%         2d4       100%        4
 Fulminant Prism          Conj/Hex       0%         3d6       100%        4
 Iskenderun's Mystic Bla  Conj/Tloc      0%         2d3       100%        4
 Sticky Flame             Conj/Fire      0%         2d3       100%        4
 Blade Hands              Tmut           0%         N/A       100%        5
 Metabolic Englaciation   Hex/Ice        0%         N/A       100%        5
 Iron Shot                Conj/Erth      0%         9d1       100%        6
 Starburst                Conj/Fire      0%         6d3       100%        6
 Ozocubu's Refrigeration  Ice            0%         4d5       100%        7
 Animate Armour           Summ/Erth      Unusable   N/A       N/A         4
 Simulacrum               Ice/Necr       Unusable   N/A       N/A         6
 Summon Cactus Giant      Summ           Unusable   N/A       N/A         6

Dungeon Overview and Level Annotations

Branches:
Dungeon (11/15)            Temple (1/1) D:7            Lair (0/6) D:10
    Orc (2/2) D:11            Elf (0/3) Orc:2

Altars:
Ashenzari
Cheibriados
Dithmenos
Elyvilon
Fedhas
Gozag
Hepliaklqana
Kikubaaqudgha
Makhleb
Nemelex Xobeh
Okawaru
Qazlal
Ru
Sif Muna
Trog
Uskayaw
Vehumet
Wu Jian
Xom
Yredelemnul
Zin
The Shining One

Shops:
D:10 (   Orc:2 (


Innate Abilities, Weirdness & Mutations

You have a pair of horns on your head.
You reflexively headbutt those who attack you in melee.


Message History

The two-headed ogre hits you but does no damage.
You dice the two-headed ogre like an onion!!!
You freeze the two-headed ogre!
You kill the two-headed ogre!
Okawaru is honoured by your kill.
Unknown command.
You closely miss the troll. The troll bites you but does no damage.
The troll claws you but does no damage. The troll barely misses you.
Unknown command.
You slice the troll!! You freeze the troll! You headbutt the troll!
The troll is almost dead.
The ogre mage casts a spell at you.
You suddenly lose the ability to move!
An ogre comes into view. It is wielding a +0 giant spiked club.
The troll bites you but does no damage.
The troll claws you but does no damage. x2
The ogre mage hits you from afar with a +0 halberd!
* * * LOW HITPOINT WARNING * * *
The troll bites you.
* * * LOW HITPOINT WARNING * * *
The troll claws you but does no damage. The troll claws you.
* * * LOW HITPOINT WARNING * * *
The ogre mage gestures at you while chanting.
The bolt of magma hits you.
* * * LOW HITPOINT WARNING * * *
A troll comes into view.
The troll bites you but does no damage. The troll claws you but does no damage.
The troll claws you.
* * * LOW HITPOINT WARNING * * *
The ogre mage hits you from afar with a +0 halberd!
* * * LOW HITPOINT WARNING * * *
The troll bites you!
* * * LOW HITPOINT WARNING * * *
The troll claws you but does no damage. x2
An ogre comes into view. It is wielding a +0 giant club.
The ogre mage hits you from afar with a +0 halberd!
* * * LOW HITPOINT WARNING * * *
The troll bites you.
* * * LOW HITPOINT WARNING * * *
The troll claws you but does no damage. The troll claws you!
You die...

#.......#####... #...###
##.#... .
##.....###...... #g
####........##..... #
.###............#.....
##.#.#.......#........###
.......Og<## ##.......#
.....#.#...####.......###
......[#@...##.........##
.>....OT#....#......#....
.....OOT##.......####....
....OTOC.#.......# ##....
......OO###......###.....
...T....##.......#.....#.
.∩..##.#.#............###
.O.. ##....#.#.......#.#
..# #...######.....###


You could see 3 two-headed ogres, an ogre mage, a deep troll, a cyclops, 3
trolls, 5 ogres and a gnoll.

Vanquished Creatures
  Snorg (D:11)
  Harold (D:7)
  Erolcha (D:9)
  A hydra (D:7)
  A boulder beetle (D:11)
  4 two-headed ogres (Orc:2)
  An orc knight (Orc:1)
  Pikel (D:5)
  Maurice (D:10)
  Maggie (D:6)
  Psyche (D:8)
  A komodo dragon (D:11)
  2 hellwings (D:11)
  7 trolls
  A hornet (D:10)
  2 meliai zombies (D:11)
  4 shadows
  3 wyverns
  A wraith (D:6)
  9 yaks (D:10)
  A warg (Orc:1)
  2 orc warriors
  2 ice beasts
  A sky beast (D:7)
  A necrophage (D:6)
  5 ogres
  3 centaurs
  3 wolves (D:10)
  Blork the orc (D:6)
  A kobold brigand (D:9)
  A lemure (D:5)
  A phantom (D:5)
  3 bullfrogs
  A water moccasin zombie (D:6)
  2 scorpions (D:5)
  A water moccasin skeleton (D:6)
  A killer bee (D:9)
  9 wights
  2 howler monkeys (D:9)
  4 electric eels (D:10)
  9 centaur zombies
  6 hounds
  A jelly (D:7)
  A bullfrog skeleton (D:7)
  8 orc priests
  3 centaur skeletons
  Jessica (D:3)
  Natasha (D:3)
  2 iguanas
  Ijyb (D:3)
  Terence (D:2)
  9 orc wizards
  2 killer bee zombies
  A hound skeleton (D:4)
  A howler monkey zombie (D:5)
  Robin (D:3)
  2 howler monkey skeletons (D:5)
  3 adders
  3 gnolls (D:4)
  4 shadow imps (D:11)
  2 white imps
  2 worms (D:2)
  A dart slug (D:1)
  42 orcs
  7 ball pythons
  8 bats
  11 endoplasms
  3 giant cockroaches
  18 goblins
  13 hobgoblins
  9 jackals
  7 kobolds
  4 quokkas
  6 frilled lizards
  3 rats
285 creatures vanquished.

Vanquished Creatures (others)
  5 withered plants (D:11)
5 creatures vanquished.

Grand Total: 290 creatures vanquished

Notes
Turn   | Place    | Note
-------+----------+-------------------------------------------
     0 | D:1      | lunkers the Minotaur Hunter began the quest for the Orb.
     0 | D:1      | Reached XP level 1. HP: 18/18 MP: 0/0
   274 | D:1      | Reached XP level 2. HP: 25/25 MP: 1/1
   362 | D:1      | Reached skill level 3 in Fighting
   727 | D:1      | Found a faded altar of an unknown god.
   952 | D:2      | Reached skill level 5 in Crossbows
   952 | D:2      | Reached XP level 3. HP: 31/31 MP: 2/2
  1058 | D:2      | Noticed Terence
  1073 | D:2      | Killed Terence
  1074 | D:2      | Reached skill level 4 in Fighting
  1074 | D:2      | Reached XP level 4. HP: 40/40 MP: 3/3
  1199 | D:2      | HP: 1/40 [orc (15)]
  2060 | D:3      | Reached skill level 1 in Short Blades
  2070 | D:3      | Noticed Jessica
  2073 | D:3      | Killed Jessica
  2074 | D:3      | Reached XP level 5. HP: 47/47 MP: 4/4
  2145 | D:3      | Noticed Robin
  2156 | D:3      | Killed Robin
  2162 | D:3      | Reached skill level 1 in Maces & Flails
  2392 | D:3      | Noticed Ijyb
  2427 | D:3      | Killed Ijyb
  2428 | D:3      | Reached skill level 5 in Fighting
  2624 | D:3      | Noticed Natasha
  2639 | D:3      | Killed Natasha
  2645 | D:3      | Reached XP level 6. HP: 52/56 MP: 5/5
  3385 | D:4      | Found a stormy altar of Qazlal.
  3428 | D:5      | Entered Level 5 of the Dungeon
  3491 | D:5      | Reached skill level 5 in Maces & Flails
  3491 | D:5      | Reached XP level 7. HP: 54/62 MP: 6/6
  3504 | D:5      | Reached skill level 6 in Fighting
  4446 | D:6      | Noticed Pikel
  4485 | D:5      | Killed Pikel
  4486 | D:5      | Reached skill level 8 in Fighting
  4486 | D:5      | Reached XP level 8. HP: 15/74 MP: 7/7
  4788 | D:6      | Noticed Blork the orc
  4796 | D:6      | Killed Blork the orc
  5013 | D:6      | Reached skill level 9 in Fighting
  5247 | D:6      | Reached skill level 10 in Fighting
  5349 | D:6      | Noticed Maggie
  5359 | D:6      | Killed Maggie
  5360 | D:6      | Reached XP level 9. HP: 58/86 MP: 8/8
  5567 | D:6      | Reached skill level 11 in Fighting
  6547 | D:7      | Noticed Harold
  6570 | D:7      | Killed Harold
  6571 | D:7      | Reached skill level 13 in Fighting
  7249 | D:7      | Noticed a seven-headed hydra
  7272 | D:7      | Killed a four-headed hydra
  7273 | D:7      | Reached skill level 14 in Fighting
  7273 | D:7      | Reached XP level 10. HP: 6/104 MP: 9/9
  7644 | D:7      | Found a staircase to the Ecumenical Temple.
  7746 | D:7      | Reached skill level 1 in Axes
  8095 | Temple   | Entered the Ecumenical Temple
  8227 | Temple   | Became a worshipper of Warmaster Okawaru
  8422 | D:8      | Noticed Psyche
  8435 | D:8      | Killed Psyche
  9238 | D:9      | Reached skill level 1 in Armour
  9570 | D:9      | Reached skill level 1 in Invocations
  9570 | D:9      | Reached * piety under Okawaru
  9578 | D:9      | Reached skill level 5 in Axes
 10028 | D:9      | Noticed Erolcha
 10034 | D:9      | Killed Erolcha
 10035 | D:9      | Reached skill level 15 in Fighting
 10481 | D:10     | Entered Level 10 of the Dungeon
 10540 | D:10     | Reached ** piety under Okawaru
 10646 | D:10     | Found a sparkling altar of Nemelex Xobeh.
 11255 | D:10     | Reached XP level 11. HP: 94/112 MP: 12/12
 11327 | D:10     | Found a staircase to the Lair.
 11590 | D:10     | Noticed Maurice
 11922 | D:10     | Reached *** piety under Okawaru
 11931 | D:10     | Killed Maurice
 12392 | D:10     | Found Cyhakh's Weapon Emporium.
 12786 | D:10     | Identified the +10 flail of Hell's Wrath {drain, rElec
                  | rPois}
 12923 | D:11     | Reached skill level 5 in Armour
 12923 | D:11     | Reached **** piety under Okawaru
 12926 | D:11     | Received a gift from Okawaru
 12954 | D:11     | Noticed a boulder beetle
 13006 | D:11     | Killed a boulder beetle
 13199 | D:11     | Received a gift from Okawaru
 13200 | D:11     | Reached skill level 5 in Invocations
 13425 | D:11     | Reached skill level 10 in Axes
 13483 | D:11     | Reached skill level 16 in Fighting
 13627 | D:11     | Noticed Snorg
 13639 | D:11     | Killed Snorg
 13639 | D:11     | Reached ***** piety under Okawaru
 13982 | D:11     | Found a staircase to the Orcish Mines.
 14489 | Orc:1    | Entered Level 1 of the Orcish Mines
 14489 | Orc:1    | Noticed an orc knight
 14497 | Orc:1    | Killed an orc knight
 14498 | Orc:1    | Reached XP level 12. HP: 42/122 MP: 14/14
 14954 | Orc:2    | Entered Level 2 of the Orcish Mines
 15071 | Orc:2    | Noticed a two-headed ogre
 15081 | Orc:2    | Killed a two-headed ogre
 15435 | Orc:2    | Noticed a two-headed ogre
 15435 | Orc:2    | Found a staircase to the Elven Halls.
 15435 | Orc:2    | Found Qurphomu's Antique Weapon Shop.
 15437 | Orc:2    | Noticed a two-headed ogre
 15437 | Orc:2    | Noticed an ogre mage
 15441 | Orc:2    | Noticed a two-headed ogre
 15442 | Orc:2    | Noticed a two-headed ogre
 15442 | Orc:2    | Noticed a two-headed ogre
 15442 | Orc:2    | Noticed a two-headed ogre
 15442 | Orc:2    | Noticed a two-headed ogre
 15445 | Orc:2    | Noticed an ettin
 15446 | Orc:2    | Killed a two-headed ogre
 15446 | Orc:2    | Killed a two-headed ogre
 15451 | Orc:2    | Killed a two-headed ogre
 15453 | Orc:2    | Paralysed by an ogre mage for 4 turns
 15457 | Orc:2    | HP: 4/124 [ogre mage (7)]
 15457 | Orc:2    | Mangled by a troll

Illustrated notes

Levels and vault maps discovered:
D:1:      matt_arrival_spirals, layout_basic,
          hellmonk_ecumenical_altar_inner_sanctum, glass_columns_a
D:2:      layout_loops_cross, uniq_terence
D:3:      kennysheep_goblin_castle, layout_basic, uniq_robin, uniq_jessica,
          uniq_natasha
D:4:      layout_rooms, nicolae_qazlal_eye_of_the_storm, minmay_bisected
D:5:      layout_loops_cross
D:6:      layout_basic, nrook_loot_triangle, uniq_blork_the_orc, uniq_pikel,
          uniq_maggie
D:7:      layout_basic, temple_hall, eino_tiny_chamber, uniq_harold
D:8:      layout_cave_pools, uniq_psyche
D:9:      layout_layer_cave, st_stairs_5, uniq_erolcha
D:10:     layout_basic, nemelex_spade_bored_becter, erik_lair_island,
          serial_shops, nicolae_square_shop, uniq_maurice
D:11:     cheibrodos_grave_circle, layout_irregular_city, orc_0_dummy,
          uniq_snorg
Temple:   regret_index_temple_chain_breaker
Orc:1:    layout_diamond_mine, serial_shops, shop, nicolae_volcano_entry_batcave
Orc:2:    st_orc_open, layout_diamond_mine

Skill      XL: |  1  2  3  4  5  6  7  8  9 10 11 12 |
---------------+-------------------------------------+-----
Fighting       | 3 4 5 8 10 14 15 16 | 16.5
Crossbows      | 5 |  5.4
Short Blades   | 2 |  2.3
Maces & Flails | 2 5 8 |  8.0
Axes           | 7 10 11 | 11.9
Armour         | 3 6 7 |  7.8
Invocations    | 3 5 |  5.0
Dodging        | |  2.1
Stealth        | |  0.7

Action                   |  1- 3 |  4- 6 |  7- 9 | 10-12 || total
-------------------------+-------+-------+-------+-------++-------
Melee: Short sword       |       |    28 |       |       ||    28
       Headbutt          |       |    31 |    44 |    62 ||   137
       Mace              |       |     3 |       |       ||     3
       Whip              |       |   142 |   188 |       ||   330
       Punch             |       |     1 |     2 |       ||     3
       War axe           |       |       |     5 |       ||     5
       Battleaxe         |       |       |       |   299 ||   299
       Unarmed           |       |       |       |    10 ||    10
 Fire: Hand crossbow     |    69 |    13 |       |       ||    82
Invok: Heroism           |       |       |       |     4 ||     4
Evoke: Wand              |       |       |     3 |    14 ||    17
  Use: Scroll            |       |       |    10 |     9 ||    19
       Potion            |       |       |       |     1 ||     1
 Stab: Sleeping          |       |     1 |       |       ||     1
Armor: Leather armour    |     4 |     4 |       |       ||     8
       Scale mail        |       |    93 |    40 |       ||   133
       Storm dragon scal |       |       |    36 |   266 ||   302
       Steam dragon scal |       |       |     1 |       ||     1
Dodge: Dodged            |     5 |   106 |    78 |   150 ||   339
Block: Other             |       |       |    17 |   108 ||   125
       Reflection        |       |       |     1 |       ||     1

Table legend: (Time is in decaauts)
 A = Elapsed time spent in this place.
 B = Non-inter-level travel time spent in this place.
 C = Inter-level travel time spent in this place.
 D = Time resting spent in this place.
 E = Time spent auto-exploring this place.
 F = Levels seen in this place.
 G = Mean time per level.
                   A        B        C        D        E       F      G
               +--------+--------+--------+--------+--------+-----+--------+
         Total |  15548 |  14983 |    565 |   1239 |  11894 |  14 | 1110.6 |
       Dungeon |  14791 |  14259 |    532 |   1239 |  11296 |  11 | 1344.6 |
        Temple |    152 |    120 |     32 |      0 |    105 |   1 |  152.0 |
  Orcish Mines |    604 |    604 |      0 |      0 |    493 |   2 |  302.0 |
               +--------+--------+--------+--------+--------+-----+--------+

Top non-repeatable levels by time:
    D:10: 2078 daAuts
    D:11: 2066 daAuts
     D:7: 1858 daAuts
     D:9: 1779 daAuts
     D:6: 1495 daAuts
     D:5: 1295 daAuts
     D:2: 1141 daAuts
     D:1: 932 daAuts
     D:3: 900 daAuts
     D:8: 758 daAuts
   Orc:2: 502 daAuts
     D:4: 484 daAuts
  Temple: 152 daAuts
   Orc:1: 101 daAuts
